 Dungeon Crawl Stone Soup version 0.16-a0-2016-gaa1c49c (console) character file.

404 hyperjordan the Chiller (level 6, -4/45 HPs)
             Began as a Ghoul Ice Elementalist on Nov 10, 2014.
             Slain by Sigmund
             ... wielding a +0 scythe
              (13 damage)
             ... on level 4 of the Dungeon.
             The game lasted 00:20:03 (3756 turns).

hyperjordan the Chiller (Ghoul Ice Elementalist)    Turns: 3756, Time: 00:20:03

Health: -4/45      AC:  5    Str: 12    XL:     6   Next: 86%
Magic:  3/11       EV: 12    Int: 12    God:
Gold:   121        SH:  0    Dex:  9    Spells: 2 memorised, 6 levels left

rFire  . . .     SeeInvis .     (no weapon)
rCold  + . .     Clarity  .     a - +0 robe
rNeg   + + +     SustAb   .     (no shield)
rPois  +         Gourm    .     (no helmet)
rElec  .         Spirit   .     e - +1 cloak
rCorr  .         Warding  .     (no gloves)
rMut   .         Stasis   .     c - +0 pair of boots
MR     .....                    i - amulet of inaccuracy (curse)
Stlth  ++........               (no ring)
                                (no ring)

@: rotting, not resistant to hostile enchantments, unstealthy
A: rotting body, claws 1, carnivore 3, cold resistance 1, negative energy
resistance 3, poison resistance, slow healing 1, torment resistance, unbreathing
a: no special abilities


You were on level 4 of the Dungeon.
You were not hungry.

You visited 1 branch of the dungeon, and saw 4 of its levels.

You collected 121 gold pieces.

Inventory:

Armour
 a - a +0 robe (worn)
 c - a +0 pair of boots (worn)
 e - a +1 cloak (worn)
Jewellery
 i - a cursed amulet of inaccuracy (around neck)
Magical devices
 f - a wand of flame (14)
 g - a wand of invisibility (3)
Scrolls
 d - 2 scrolls of identify
 k - 2 scrolls of fog
 q - a scroll of amnesia
Potions
 h - a potion of heal wounds {unknown}
 j - a potion of curing
 l - 2 potions of confusion {unknown}
 m - a potion of might {unknown}
 r - a potion of resistance {unknown}
Books
 b - a book of Frost

   Spells                             Type                      Level
   *Freeze                            Ice                          1
   Throw Frost                        Conjuration/Ice              2
   Ozocubu's Armour                   Charms/Ice                   3
   *Throw Icicle                      Conjuration/Ice              4
   Summon Ice Beast                   Ice/Summoning                4
   Condensation Shield                Ice                          4
 p - a book of Beasts

   Spells                             Type                      Level
   Summon Butterflies                 Summoning                    1
   Call Canine Familiar               Summoning                    3
   Summon Ice Beast                   Ice/Summoning                4
   Summon Mana Viper                  Hexes/Summoning              5
   Monstrous Menagerie                Summoning                    6
   Summon Hydra                       Summoning                    7
Comestibles
 n - a slice of pizza
 o - a royal jelly


   Skills:
 - Level 1.7 Dodging
 - Level 2.1 Stealth
 - Level 3.0 Spellcasting
 + Level 2.0 Conjurations
 * Level 7.0 Ice Magic


You had 6 spell levels left.
You knew the following spells:

 Your Spells              Type           Power        Failure   Level  Hunger
a - Freeze                Ice            ###.         1%          1    #......
b - Throw Icicle          Conj/Ice       ##......     41%         4    #####..


Dungeon Overview and Level Annotations

Branches:
Dungeon (4/15)
 Temple: D:4-7

Altars:
Ashenzari
Cheibriados
Fedhas
Ru
Zin

Annotations:
D:4 Sigmund


Innate Abilities, Weirdness & Mutations

Your body is rotting away.
You thrive on raw meat.
You have sharp fingernails.
You are carnivorous and can eat meat at any time.
Your flesh is cold resistant.
You are immune to negative energy.
Your system is resistant to poisons.
You heal slowly when monsters are visible.
You are immune to unholy pain and torment.
You can survive without breathing.


Message History

You freeze Sigmund.
Sigmund resists.
Sigmund is moderately wounded.
Sigmund screams, "You will never...
NEVER!!!"
Sigmund casts a spell at you. The magic dart hits you!
* * * LOW HITPOINT WARNING * * *
Casting: Freeze
Aiming: Freeze
Aim: Sigmund, wielding a scythe and wearing an embroidered robe (moderately wounded)
You freeze Sigmund.
Sigmund resists.
Sigmund is heavily wounded.
Sigmund hits you with a scythe.
* * * LOW HITPOINT WARNING * * *
Casting: Freeze
Aiming: Freeze
Aim: Sigmund, wielding a scythe and wearing an embroidered robe (heavily wounded)
You freeze Sigmund.
Sigmund resists.
Sigmund is heavily wounded.
Sigmund hits you with a scythe!
You die...

▒▒▒ ▒·· ▒·▒
▒▒▒▒▒·▒▒
▒······▒▒▒▒▒▒▒$·
▒····>·@⍭<······
▒·····@▒▒▒▒▒▒▒·▒
▒▒▒▒··············
▒▒▒
·········▒▒▒▒▒▒▒▒·
··▒▒▒▒▒▒▒▒▒▒▒▒·▒
···············▒
···············▒
···············▒
··▒▒⌻▒<▒▒⍘▒▒▒▒·▒


You could see Sigmund.

Vanquished Creatures
  An ogre (D:4)
  A scorpion (D:4)
  An orc priest (D:3)
  Ijyb (D:2)
  3 gnolls (D:2)
  5 adders
  5 giant mites
  An ooze (D:1)
  3 orcs (D:3)
  4 giant cockroaches
  13 hobgoblins
  10 jackals
  16 bats
  2 giant geckos (D:1)
  5 giant newts
  17 goblins
  13 kobolds
  2 quokkas (D:2)
  9 rats
112 creatures vanquished.

Vanquished Creatures (others)
  A fungus (D:4)
1 creature vanquished.

Grand Total: 113 creatures vanquished

Notes
Turn   | Place    | Note
--------------------------------------------------------------
     0 | D:1      | hyperjordan, the Ghoul Ice Elementalist, began the quest for the Orb.
     0 | D:1      | Reached XP level 1. HP: 14/14 MP: 2/2
   440 | D:1      | Reached XP level 2. HP: 10/18 MP: 0/3
   518 | D:1      | Reached skill level 4 in Ice Magic
   733 | D:1      | Reached XP level 3. HP: 20/26 MP: 6/6
  1494 | D:2      | Reached XP level 4. HP: 29/33 MP: 2/7
  1672 | D:2      | Reached skill level 5 in Ice Magic
  1719 | D:2      | Found a sacrificial altar of Ru.
  1900 | D:3      | Found a glowing silver altar of Zin.
  1981 | D:2      | Reached XP level 5. HP: 38/38 MP: 6/8
  2138 | D:2      | Noticed Ijyb
  2204 | D:2      | Killed Ijyb
  2575 | D:2      | Learned a level 4 spell: Throw Icicle
  2792 | D:3      | Reached skill level 1 in Conjurations
  2822 | D:3      | Found Zin's Purification Station.
  3068 | D:3      | Reached skill level 6 in Ice Magic
  3068 | D:3      | Reached XP level 6. HP: 44/44 MP: 1/11
  3278 | D:3      | Found a snail-covered altar of Cheibriados.
  3285 | D:3      | Found a blossoming altar of Fedhas.
  3288 | D:3      | Found a shattered altar of Ashenzari.
  3387 | D:4      | Noticed Sigmund
  3728 | D:4      | Reached skill level 7 in Ice Magic
  3756 | D:4      | Slain by Sigmund

Action                   |  1- 3 |  4- 6 || total
-------------------------+-------+-------++-------
Melee: Unarmed           |   118 |    97 ||   215
 Cast: Freeze            |    52 |   141 ||   193
  Use: Scroll            |     4 |     1 ||     5
       Potion            |       |     1 ||     1
  Eat: Chunk             |    21 |    40 ||    61
